 Dungeon Crawl Stone Soup version 0.17-a0-1830-g81820eb (webtiles) character file.

4792 4thArraOfDagon the Cleaver (level 10, -1/84 HPs)
             Began as a Deep Dwarf Berserker on Sept 13, 2015.
             Was an Elder of Trog.
             Slain by a troll (11 damage)
             ... on level 2 of the Orcish Mines.
             The game lasted 00:13:40 (2526 turns).

4thArraOfDagon the Cleaver (Deep Dwarf Berserker)   Turns: 2526, Time: 00:13:40

Health: -1/84      AC: 12    Str: 25    XL:     10   Next: 24%
Magic:  19/19      EV: 10    Int:  9    God:    Trog [****..]
Gold:   506        SH:  0    Dex: 17    Spells: 0 memorised, 9 levels left

rFire  . . .     SeeInvis .     H - +0 battleaxe (elec)
rCold  + . .     Clarity  .     G - +0 chain mail {rC+}
rNeg   . . .     SustAt   .     (no shield)
rPois  .         Gourm    .     (no helmet)
rElec  .         Spirit   .     (no cloak)
rCorr  .         Warding  .     (no gloves)
rMut   .         Stasis   .     (no boots)
MR     +++..                    (no amulet)
Stlth  ..........               v - +1 ring of protection
                                a - ring of Xewkily {MP+9 Str+2 Dex+5 Stlth-}

@: exhausted, non-regenerating, slowed, very slow, extremely resistant to
hostile enchantments, extremely unstealthy
A: damage resistance, recharge devices, sense surroundings 2, slow healing 3
a: Device Recharging, Burn Spellbooks, Berserk, Trog's Hand, Brothers in Arms,
Renounce Religion


You were on level 2 of the Orcish Mines.
You worshipped Trog.
Trog was greatly pleased with you.
You were hungry.

You visited 2 branches of the dungeon, and saw 12 of its levels.
You also visited: Sewer.

You collected 506 gold pieces.

Inventory:

Hand weapons
 o - a +1 battleaxe of freezing
 H - a +0 battleaxe of electrocution (weapon)
Missiles
 i - a throwing net (quivered)
Armour
 w - a +0 chain mail
 A - a +0 scale mail of magic resistance
 F - a +0 plate armour
 G - a +0 chain mail of cold resistance (worn)
Jewellery
 a - the ring of Xewkily (left hand) {MP+9 Str+2 Dex+5 Stlth-}
   (You found it on level 4 of the Dungeon)

   [ring of magical power]

   It affects your strength (+2).
   It affects your dexterity (+5).
   It affects your magic capacity (+9).
   It makes you less stealthy.
 v - a +1 ring of protection (right hand)
Magical devices
 c - a wand of heal wounds (1)
 f - a wand of flame (24)
 u - a wand of polymorph (1)
 x - a wand of polymorph (10)
 C - a wand of slowing (6)
Scrolls
 b - 3 scrolls of enchant weapon {unknown}
 e - 2 scrolls of teleportation {unknown}
 j - a scroll of noise {unknown}
 k - 2 scrolls of remove curse {unknown}
 m - a scroll of enchant armour {unknown}
 n - 2 scrolls of fear {unknown}
 s - 2 scrolls of blinking {unknown}
 y - a scroll of magic mapping {unknown}
Potions
 h - a potion of haste {unknown}
 p - a potion of flight
 q - 2 potions of curing
 t - a potion of brilliance {unknown}
 B - a potion of berserk rage {unknown}
 D - 2 potions of cancellation
 E - a potion of invisibility {unknown}
Books
 r - an Akashic Record

   Spells                             Type                      Level
   a - Dispersal                      Translocation                6
   b - Controlled Blink               Translocation                7
   c - Malign Gateway                 Summoning/Translocation      7
   d - Disjunction                    Translocation                8
   Trog disapproves of the use of such an item.
Comestibles
 d - 2 bread rations
 g - a slice of pizza
 l - 3 meat rations
 z - 5 chunks of flesh


   Skills:
 - Level 3.0 Fighting
 * Level 13.3 Axes
 + Level 9.7 Armour
 - Level 2.1 Dodging


You had 9 spell levels left.
You didn't know any spells.

Dungeon Overview and Level Annotations

Branches:
Dungeon (10/15)            Temple (0/1) D:4             Orc (2/4) D:9
   Lair: D:8-11

Altars:
Ashenzari

Shops:
D:8 (   Orc:1 (

Annotations:
D:8 Prince Ribbit


Innate Abilities, Weirdness & Mutations

You are resistant to damage.
You can recharge devices by infusing magical energy.
You passively map the area around you.
You do not heal naturally.


Message History

The troll is severely wounded.
The troll barely misses you. The troll claws you but does no damage.
The troll barely misses you. x3
The troll closely misses you.
Unknown command.
You hit the troll but do no damage.
The troll is heavily wounded.
The troll bites you but does no damage. The troll claws you!
The troll claws you.
Unknown command.
You slash the troll!
The troll is severely wounded.
The troll bites you!
* * * LOW HITPOINT WARNING * * *
The troll claws you!
* * * LOW HITPOINT WARNING * * *
The troll claws you.
* * * LOW HITPOINT WARNING * * *
The troll bites you!
You die...

##.##...#####>...#####.... ,, ,
#......#..##.........$#.# , ,
##.#......###.#........## ,,
###.........##.#........##
###.......###.....)......# ,.,,
.#.......(^..#....)......#... ,
#.......(.........)))........
#......##.......)T..)).......
,,
.......#.)......@..##).......
.....o###[<.......###........,,
*
.......#..........#*.........,
....).<............#..>>.....,
, .....[.............##........
, #............................
#........................#... ,
, ..........##.####..... ** ,,
#.##........## *, ,,


You could see a troll.

Vanquished Creatures
  A centaur warrior (Orc:1)
  A hill giant (D:10)
  Grinder (D:5)
  2 wargs
  Menkaure (D:7)
  A sky beast (D:5)
  9 orc warriors
  5 ogres
  A centaur (D:7)
  5 giant frogs
  A gnoll sergeant (D:6)
  A scorpion (D:10)
  3 killer bees (D:9)
  4 crimson imps
  2 hounds
  7 orc priests
  8 orc wizards
  2 centaur skeletons
  An iguana (D:8)
  A giant frog skeleton (D:5)
  Terence (D:2)
  2 worker ants
  8 adders
  7 gnolls
  A worker ant zombie (D:7)
  2 worms (D:2)
  7 giant geckos
  58 orcs
  3 bats
  6 giant cockroaches
  A goblin (D:1)
  3 hobgoblins
  5 quokkas
  7 ball pythons
  3 giant newts
  A rat (D:1)
172 creatures vanquished.

Vanquished Creatures (others)
  An orc (Orc:1)
1 creature vanquished.

Grand Total: 173 creatures vanquished

Notes
Turn   | Place    | Note
--------------------------------------------------------------
     0 | D:1      | 4thArraOfDagon the Deep Dwarf Berserker began the quest for the Orb.
     0 | D:1      | Reached XP level 1. HP: 20/20 MP: 1/1
   186 | D:2      | Noticed Terence
   194 | D:2      | Reached XP level 2. HP: 24/27 MP: 2/2
   196 | D:2      | Killed Terence
   196 | D:2      | Reached skill level 4 in Axes
   196 | D:2      | Reached XP level 3. HP: 28/33 MP: 3/3
   519 | D:4      | Got a warped bronze ring
   527 | D:4      | Identified the ring of Xewkily {MP+9 Str+2 Dex+5 Stlth-} (You found it on level 4 of the Dungeon)
   557 | D:4      | Found a glowing drain.
   565 | Sewer    | Entered a sewer
   572 | Sewer    | Reached XP level 4. HP: 22/42 MP: 4/4
   638 | Sewer    | Acquired Trog's second power
   742 | Sewer    | Noticed a giant frog
   750 | Sewer    | Killed a giant frog
   750 | Sewer    | Reached skill level 5 in Axes
   750 | Sewer    | Reached XP level 5. HP: 38/49 MP: 5/5
   865 | D:5      | Entered Level 5 of the Dungeon
   872 | D:4      | Found a staircase to the Ecumenical Temple.
   921 | D:5      | Reached skill level 6 in Axes
   931 | D:5      | Reached XP level 6. HP: 40/56 MP: 6/6
   934 | D:5      | Noticed an ogre
   936 | D:5      | Noticed a sky beast
   942 | D:5      | Killed an ogre
   950 | D:5      | Killed a sky beast
   950 | D:5      | Reached skill level 7 in Axes
   950 | D:5      | Reached skill level 5 in Armour
  1063 | D:6      | Reached XP level 7. HP: 45/62 MP: 7/7
  1184 | D:5      | Noticed Grinder
  1188 | D:5      | Killed Grinder
  1188 | D:5      | Reached skill level 8 in Axes
  1318 | D:7      | Found a shattered altar of Ashenzari.
  1433 | D:8      | Found Lunleug's Weapon Shoppe.
  1468 | D:7      | Reached XP level 8. HP: 40/69 MP: 8/8
  1469 | D:7      | Reached skill level 9 in Axes
  1576 | D:7      | Noticed Menkaure
  1581 | D:7      | Killed Menkaure
  1581 | D:7      | Reached skill level 10 in Axes
  1657 | D:8      | Noticed Prince Ribbit
  1728 | D:9      | Found a staircase to the Orcish Mines.
  1819 | D:10     | Entered Level 10 of the Dungeon
  1847 | D:10     | Noticed a hill giant
  1883 | D:10     | Killed a hill giant
  1883 | D:10     | Reached skill level 11 in Axes
  1883 | D:10     | Gained mutation: You passively map the area around you. [Deep Dwarf growth]
  1883 | D:10     | Reached XP level 9. HP: 9/75 MP: 9/9
  1956 | Orc:1    | Entered Level 1 of the Orcish Mines
  1993 | D:9      | Reached skill level 12 in Axes
  2206 | Orc:1    | Acquired Trog's third power
  2413 | Orc:1    | Found Inaulobo's Weapon Shoppe.
  2419 | Orc:1    | Noticed a centaur warrior
  2425 | Orc:1    | Killed a centaur warrior
  2425 | Orc:1    | Reached skill level 13 in Axes
  2425 | Orc:1    | Reached XP level 10. HP: 84/84 MP: 10/10
  2526 | Orc:2    | Slain by a troll

Vault maps used:
D:1:      shiori_arrival_elements
D:2:      first_bread, amethyst_killhole, uniq_terence
D:4:      minmay_temple_entry_glass, lightli_sewer_entry_pipes,
          hangedman_decor_diamond_cutter, minmay_misc_feat_cross, uniq_eustachio
D:5:      grunt_temple_overflow_holy_war, uniq_grinder
D:6:      grunt_temple_overflow_open
D:7:      kennysheep_little_box, grunt_livestock, serial_park_tiny_1,
          hangedman_abyss_or_decor_lesser_grid, uniq_menkaure, uniq_joseph
D:8:      serial_shops, shop_fountains, uniq_prince_ribbit1
D:9:      orc_0_dummy, uniq_grum
Orc:1:    serial_shops, shop_fountains, nicolae_orc_flooded_monolith
Orc:2:    led_sif_book
Sewer:    sewer_frog_island_01

Action                   |  1- 3 |  4- 6 |  7- 9 | 10-12 || total
-------------------------+-------+-------+-------+-------++-------
Melee: Hand axe          |    24 |       |       |       ||    24
       Broad axe         |     9 |    51 |       |       ||    60
       Battleaxe         |       |    49 |   203 |    26 ||   278
Throw: Throwing net      |       |     2 |     1 |       ||     3
Invok: Berserk           |     3 |     1 |    13 |     1 ||    18
       Trog's Hand       |       |     1 |    17 |     2 ||    20
Evoke: Wand              |       |     1 |     4 |       ||     5
  Use: Potion            |     2 |       |     1 |       ||     3
       Scroll            |       |     1 |     2 |       ||     3
  Eat: Chunk             |     2 |     3 |    20 |     2 ||    27
